Cogmind - Beta 17 @@@ ROGUE MODE // 2026.06.26 @ 22:11:49 Player: Dwarfinator Result: Destroyed by as-73975 with Assembled Heavy Rifle Performance ------------- Evolutions (3) 1500 Regions Visited (16) 3200 Robots Destroyed (404) 2020 Value Destroyed (15622) 15622 Prototype IDs (56) 1120 Alien Tech Used (0) 0 Bonus (26996) 26996 TOTAL SCORE: 50458 Bonus ------- Triggered High Security 500 High Alert Combat Kills 4957 Follower Combat Kills 1336 Prayed to X0-1V1 5000 Major X0-1V1 Interference 15050 Entered Garrisons 600 Met Imprinter 300 Destroyed Z-Imprinter 1000 Acquired ECA 300 Friendly Fire -2047 Cogmind --------- Core Integrity 0/900 Matter 33/300 Energy 100/100 System Corruption 0% Temperature Cool (20) Movement Core (50) Location -7/Deep Caves Parts ------- > --- POWER (2) -------- (None) > --- PROPULSION (4) --- (None) > --- UTILITY (5) ------ Self-contained Transmogrifier > --- WEAPON (3) ------- Makeshift Axe > --- INVENTORY (6) ---- Encrypted Comm Array Dimensional Node Initializer Storm Laser Peak State ------------ > --- POWER ------------ Cooled Deuterium Engine Hybrid Fission Core > --- PROPULSION ------- Armored Leg Thunder Leg Cargo Legs > --- UTILITY ---------- High-capacity Storage Unit Improved Melee Analysis Suite Precision Energy Filter Powered Armor Self-contained Transmogrifier X0-1V1's Piety Tracker > --- WEAPON ----------- Improved Arc Projector Improved Arc Projector Powered Hammer Powered Hammer > --- INVENTORY -------- Armored Huge Wheel Improved Heat Sink Matter Filter Improved Reaction Control System Improved Medium Armor Plating Layered Medium Armor Plating Tractor Beam Bomb Drone Bay Plasma Rifle Cooled Particle Cannon Phase Cannon Autogun Subdweller Shrapnel Launcher Subdweller Shrapnel Launcher Long-range Missile Launcher Long-range Missile Launcher Improved Datajack Multitool Power Sword [Rating: 103] Favorites ----------- Power Improved Ion Engine Engine Improved Ion Engine Power Core Hybrid Fission Core Reactor Reinforced Antimatter Reactor Propulsion Light Treads Treads Light Treads Leg Thunder Leg Wheel Armored Huge Wheel Hover Unit Linear Gravjet Flight Unit Cesium-ion Thruster Utility High-capacity Storage Unit Device Self-contained Transmogrifier Storage High-capacity Storage Unit Processor Advanced Targeting Computer Hackware Hacking Suite Protection Scrap Shield Weapon Great Maul Energy Gun Precision Shock Rifle Energy Cannon Subdweller Beam Cannon Ballistic Gun Heavy Assault Rifle Ballistic Cannon Light Cannon Launcher Long-range Missile Launcher Special Weapon Plasma Cutter Impact Weapon Great Maul Slashing Weapon Carbide Saw Piercing Weapon Makeshift Spear Special Melee Weapon Datajack Build | -11 -10 -10 -10 -8 -8 -8 -8 -7 -7 -7 -7 -7 -7 -7 -7 -7 ------- Run | Yrd Mat Min Sub Mat Gar Mat Gar Fac Was Fac Gar Fac Low Low Zio Dee Slots Evolved 6 | . . . . 4 . . . 2 . . . . . . . . Power . | . . . . . . . . . . . . . . . . . Propulsion 3 | . . . . 1 . . . 2 . . . . . . . . Utility 2 | . . . . 2 . . . . . . . . . . . . Weapon 1 | . . . . 1 . . . . . . . . . . . . Parts Attached 275 | 7 16 23 23 17 22 48 23 17 3 3 8 30 10 3 8 14 Power 25 | 1 3 8 1 1 3 2 3 . . . . 3 . . . . Engine 21 | 1 3 8 1 1 3 2 . . . . . 2 . . . . Core 4 | . . . . . . . 3 . . . . 1 . . . . Reactor . | . . . . . . . . . . . . . . . . . Propulsion 37 | 2 . 5 10 4 3 3 . 1 . . . 2 2 1 1 3 Treads 11 | 2 . 2 3 2 1 . . . . . . . . 1 . . Leg 6 | . . . . . . . . 1 . . . . 1 . 1 3 Wheel 20 | . . 3 7 2 2 3 . . . . . 2 1 . . . Hover . | . . . . . . . . . . . . . . . . . Flight . | . . . . . . . . . . . . . . . . . Utility 93 | 2 5 2 4 6 6 10 12 6 1 1 3 18 5 1 4 7 Device 47 | 1 1 . . 1 2 5 10 3 1 . 2 12 5 . 2 2 Storage 11 | 1 3 1 . . 2 . 1 . . . . . . . 2 1 Processor 6 | . . 1 . . 1 1 . 1 . . . 2 . . . . Hackware 3 | . . . . 1 . 1 . . . 1 . . . . . . Protection 26 | . 1 . 4 4 1 3 1 2 . . 1 4 . 1 . 4 Artifact . | . . . . . . . . . . . . . . . . . Weapon 120 | 2 8 8 8 6 10 33 8 10 2 2 5 7 3 1 3 4 Energy Gun 23 | . . 1 . 2 . 9 2 2 . . 2 1 2 . . 2 Energy Cannon 14 | . 1 . 4 . 2 5 . 2 . . . . . . . . Ballistic Gun 36 | 2 4 4 2 1 4 6 4 3 1 2 . 3 . . . . Ballistic Cannon 9 | . 1 . 1 1 . 1 . . 1 . . 2 1 . 1 . Launcher 11 | . . 2 1 1 2 . 1 . . . 1 1 . 1 . 1 Special Weapon 3 | . 1 . . . 1 . . . . . . . . . 1 . Impact Weapon 12 | . . 1 . 1 . 8 . 2 . . . . . . . . Slashing Weapon 10 | . . . . . 1 4 . 1 . . 2 . . . 1 1 Piercing Weapon . | . . . . . . . . . . . . . . . . . Special Melee Weapon 2 | . 1 . . . . . 1 . . . . . . . . . Unidentified Prototypes 18 | . 2 . . 4 1 2 . 1 . . . . . . 1 7 Parts Lost 46 | . . 9 1 2 6 9 1 . . . 1 9 1 . . 7 Power 10 | . . 3 . 1 1 3 . . . . . 2 . . . . Propulsion 8 | . . 2 . . 1 1 . . . . . 1 . . . 3 Utility 9 | . . 1 1 . . 2 . . . . . 1 1 . . 3 Weapon 19 | . . 3 . 1 4 3 1 . . . 1 5 . . . 1 Highest Loss Streak 4 | . . 4 1 1 3 2 1 . . . 1 3 1 . . 4 To Critical Strikes . | . . . . . . . . . . . . . . . . . Average Backups 17 | 4 13 18 18 15 16 17 17 18 18 18 18 18 19 18 23 22 Power . | . 1 . 1 . 1 . . . . . . . . . . 1 Propulsion 3 | 2 4 7 5 3 2 3 2 1 2 1 1 . 1 1 1 . Utility 5 | . 2 3 3 1 2 3 3 5 4 8 7 7 7 6 9 11 Weapon 6 | 1 4 5 7 7 7 7 9 10 8 7 7 5 6 5 7 6 Tool/Special . | . . . . . . . . . . . . . . . . . Unused Backups 90 | . 6 5 8 5 6 7 5 1 2 1 12 6 4 . 1 21 Power 12 | . 1 . 1 . 3 2 . . . . . 1 . . 1 3 Propulsion 25 | . 2 4 2 2 . 2 2 1 2 . 6 . . . . 2 Utility 26 | . 2 1 3 . 3 . . . . 1 2 3 1 . . 10 Weapon 25 | . 1 . 2 3 . 3 3 . . . 4 2 3 . . 4 Tool/Special 2 | . . . . . . . . . . . . . . . . 2 Average Slot Usage (%) 89 | . 100 95 88 89 86 91 96 95 97 100 94 76 83 91 82 72 Engine 11 | . 13 24 25 15 12 10 4 6 7 7 7 6 7 3 5 . Core 3 | . . . . . 4 3 10 6 5 . 4 5 7 10 3 1 Reactor 1 | . . . . . . . . . 1 7 2 . . . 4 9 Treads 5 | . 27 2 1 8 2 4 5 . . . . . . 3 3 . Leg 6 | . . . . . . . 4 23 28 28 23 13 4 3 5 17 Wheel 5 | . . 10 11 10 7 6 3 . . . . . 9 13 7 . Device 13 | . 6 12 1 15 20 19 19 15 20 21 19 18 20 20 15 13 Storage 9 | . 13 13 12 8 7 7 8 6 7 7 7 7 7 7 7 5 Protection 5 | . 7 . 10 3 4 4 11 5 . . . 1 . 1 2 4 Energy Gun 4 | . . . . . . 7 7 14 10 18 19 9 . 3 . 1 Energy Cannon 4 | . 5 . 11 15 3 3 4 . 1 . . 2 17 10 . . Ballistic Gun 6 | . 11 19 6 . 10 5 10 5 4 5 . 2 . . . . Ballistic Cannon 2 | . 10 1 . 5 1 1 . . 3 . . 1 1 3 . . Launcher 1 | . . 1 . . 1 1 . . 7 3 1 . 5 . . 1 Impact Weapon 3 | . . 2 5 . . 8 1 5 . . 3 . . 7 11 7 Slashing Weapon 1 | . . . . . 1 . . . . . 3 4 2 1 9 3 Peak Build Rating 103 | 7 25 28 30 60 75 81 67 103 83 82 81 89 73 75 86 94 Average Rating 51 | 5 11 26 21 51 59 63 55 85 75 80 77 71 66 72 73 77 On Entrance 54 | . 7 25 27 30 58 60 48 65 78 82 81 78 57 73 71 85 Avg Prop Armor Cover (%) 9 | . . 10 13 7 6 9 7 . . . . . 4 5 12 21 Naked Turns . | . . . . . . . . . . . . . . . . . Heaviest Build 259 | 11 38 64 88 85 89 107 98 93 91 88 94 95 99 99 248 259 Greatest Support 102 | 40 40 40 24 28 28 56 50 94 92 92 102 78 44 44 76 84 Greatest Overweight (x) 8 | . . 6 5 3 3 8 7 1 1 . 1 2 3 6 8 4 Average Overweight (x) 2 | . . 3 3 2 2 3 3 . . . . . 2 1 3 . Largest Inventory Capacity 36 | 8 20 21 21 21 21 21 21 21 21 21 21 21 21 21 36 36 Average Capacity 20 | 7 13 20 21 21 21 21 21 21 21 21 21 21 21 21 28 26 Most Carried 36 | 8 16 21 21 21 21 21 21 21 21 21 21 21 21 21 36 36 Average Carried 20 | 4 13 19 20 20 19 20 20 20 20 20 20 20 20 20 25 25 Final Capacity 36 | 8 16 21 21 21 21 21 21 21 21 21 21 21 21 21 36 6 Final Carried 35 | 8 16 21 21 21 21 21 21 21 21 21 21 16 21 21 35 6 Transmogrified Parts 186 | . . . 2 4 15 32 22 9 9 3 13 23 7 11 20 16 Integrity Recovered 2205 | . . . 9 46 81 368 453 32 62 7 113 247 183 178 283 143 Class Distribution -------------------- 37% | Mutant 17% | Tank 14% | Subdweller-Mutant 13% | Gunner 6% | Hauler-Mutant Dominant Class ---------------- Mutant | -10/Materials Mutant | -10/Mines Subdweller-Mutant | -10/Subcaves Tank | -8/Materials Scavenger-Gunner | -8/Garrison Mutant | -8/Materials Tank | -8/Garrison Tank | -7/Factory Gunner | -7/Waste Gunner | -7/Factory Gunner | -7/Garrison Mutant | -7/Factory Tank | -7/Lower Caves Tank | -7/Lower Caves Mutant | -7/Zion Hauler-Mutant | -7/Deep Caves Resources | -11 -10 -10 -10 -8 -8 -8 -8 -7 -7 -7 -7 -7 -7 -7 -7 -7 ----------- Run | Yrd Mat Min Sub Mat Gar Mat Gar Fac Was Fac Gar Fac Low Low Zio Dee Matter Collected 15238 | 300 825 1890 1493 102 966 1969 1756 555 783 107 521 2442 898 193 188 250 Remotely 1360 | . . . . . . . 83 . . . . 1277 . . . . Salvage Created 14851 | 147 772 1351 848 328 1082 2948 1429 864 1002 . 569 2428 564 285 . 234 Parts 698 | 11 49 73 54 24 56 126 86 42 5 . 29 110 12 12 . 9 Haulers Intercepted 10 | . 2 . . 2 . 6 . . . . . . . . . . Recyclers Shooed 5 | . . 2 . . . 1 . 1 . . . 1 . . . . Parts Field Recycled . | . . . . . . . . . . . . . . . . . Retrieved Matter . | . . . . . . . . . . . . . . . . . Parts Self-Destructed 37 | . . . 17 . . . . . . . . . 6 10 4 . Prevented 5 | . . . . . . . . . . . . . 5 . . . Parts Restored . | . . . . . . . . . . . . . . . . . Kills | -11 -10 -10 -10 -8 -8 -8 -8 -7 -7 -7 -7 -7 -7 -7 -7 -7 ------- Run | Yrd Mat Min Sub Mat Gar Mat Gar Fac Was Fac Gar Fac Low Low Zio Dee Combat Hostiles Destroyed 306 | . 21 26 23 6 27 51 33 10 6 . 11 51 13 10 . 18 Melee 11 | . . . . . . 5 . . . . . 2 . 1 . 3 Guns 95 | . 10 7 6 . 6 16 23 5 1 . 6 12 . . . 3 Cannons 75 | . 11 1 11 3 11 7 7 1 2 . 1 17 . 3 . . AOE 110 | . . 18 6 3 9 18 1 3 3 . 3 18 11 5 . 12 Classes Destroyed 30 | 2 7 1 4 . 3 4 2 . 2 . 1 1 1 . . 2 Worker 36 | . 2 11 . 1 . 11 . 2 . . . 9 . . . . Builder 7 | . . . . . . 5 . 1 . . . 1 . . . . Tunneler 8 | 3 . 4 . 1 . . . . . . . . . . . . Hauler 10 | . 2 . . 2 . 6 . . . . . . . . . . Recycler 26 | 1 . 8 . . . 6 . 5 . . . 6 . . . . Mechanic 2 | . . . . . . . . . . . . 2 . . . . Operator 3 | . 2 . . . . . . . . . . 1 . . . . Drone 1 | . . . . . . . 1 . . . . . . . . . Turret 2 | . . . 2 . . . . . . . . . . . . . Watcher 10 | . 3 . . 1 . 4 1 1 . . . . . . . . Swarmer 67 | . 9 7 7 3 13 5 7 4 . . 2 2 4 4 . . Cutter 1 | . . . . . . . . . . . 1 . . . . . Grunt 120 | . 10 15 3 3 8 27 14 3 . . 3 23 5 6 . . Brawler 9 | . . . . . 1 1 . . . . 1 5 1 . . . Duelist 9 | . . . . . 1 3 . . . . 2 2 1 . . . Protector 3 | . . . . . . 2 . . . . . 1 . . . . Sentry 33 | . 2 5 1 . 2 9 8 1 . . . 5 . . . . Specialist 2 | . . . . . . 2 . . . . . . . . . . Hunter 15 | . . . . . 2 1 1 . . . 1 8 2 . . . Programmer 10 | . . . . . . . 2 2 . . 1 5 . . . . Heavy 2 | . . 1 . . . 1 . . . . . . . . . . Behemoth 1 | . . . . . . 1 . . . . . . . . . . Compactor 6 | . . . . . . . . . 6 . . . . . . . Artisan 1 | . . . 1 . . . . . . . . . . . . . Subdweller 12 | . . . 12 . . . . . . . . . . . . . Scientist 1 | . . . 1 . . . . . . . . . . . . . Z-Light 6 | . . . . . . . . . . . . . . . . 6 Decomposer 3 | . . . . . . . . . . . . . 3 . . . Packrat 2 | . . . . . . . . . . . . . 2 . . . Samaritan 1 | . . . . . . . . . . . . . 1 . . . Assembled 12 | . . . . . . . . . . . . . . . . 12 Wasp 2 | . . . . . . . . . . . 2 . . . . . Martyr 2 | . . . . . . . . . 2 . . . . . . . Best Kill Streak 16 | 2 4 14 4 4 11 16 6 12 2 . 3 9 11 5 . 9 Combat Bots Only 11 | . 4 10 4 3 11 10 6 8 2 . 3 8 11 5 . 9 Max Kills in Single Turn 6 | 2 2 6 2 2 3 4 1 4 1 . 2 5 3 2 . 5 Gunslinging 1 | . . . . . . 1 . . . . . . . . . . Exploded 5 | . . 4 2 2 3 3 1 2 1 . 1 3 3 2 . 5 Melee 1 | . . . . . . 1 . . . . . 1 . 1 . 1 Uniques/NPCs Destroyed 1 | . . . . . . . . . . . . . . . . 1 Z-Imprinter (-7/Deep Caves) Combat | -11 -10 -10 -10 -8 -8 -8 -8 -7 -7 -7 -7 -7 -7 -7 -7 -7 -------- Run | Yrd Mat Min Sub Mat Gar Mat Gar Fac Was Fac Gar Fac Low Low Zio Dee Hostile Shots Fired 1724 | . 58 115 129 8 143 212 109 70 . . 30 534 28 21 . 267 Missed 574 | . 12 35 34 2 45 52 39 33 . . 10 171 7 9 . 125 Hits 1150 | . 46 80 95 6 98 160 70 37 . . 20 363 21 12 . 142 Melee 22 | . . . . . . 1 5 . . . . 10 . . . 6 Projectile 1128 | . 46 80 95 6 98 159 65 37 . . 20 353 21 12 . 136 Critical Strikes 51 | . 1 4 4 . 4 11 4 3 . . . 14 . 1 . 5 Part Disruptions 2 | . . . . . . . . . . . . 2 . . . . Damage Taken 17044 | . 515 1379 1479 131 1706 2736 979 533 43 14 369 3930 225 134 . 2871 Core 2542 | . 105 294 86 15 183 240 118 46 . . 41 393 25 . . 996 Absorbed by Shields 921 | . . . . . 106 . 20 7 . . . 651 87 50 . . Redirected to Shielding 6 | . 6 . . . . . . . . . . . . . . . Ignored by Resistances 439 | . . . . . . 131 82 . . . . 226 . . . . Regen/Repaired (Parts) 95 | . . . . . . 53 . . . . 14 28 . . . . Core Remaining (%) 89 | 100 . . 89 . . . 79 . . . . . . . . . Volleys Fired 820 | 15 83 73 70 19 74 92 95 22 46 . 35 133 28 10 . 25 Largest 5 | 2 3 3 2 3 3 5 3 3 4 . 4 4 2 4 . 2 Hottest 255 | 40 113 113 160 193 176 225 154 185 159 . 215 165 180 255 . 107 Shots Fired 1709 | 30 163 133 131 35 141 253 227 55 100 . 72 282 36 25 . 26 Gun 1025 | 30 117 105 61 1 60 184 190 51 25 . 67 124 . . . 10 Cannon 526 | . 42 13 66 31 74 53 36 2 38 . 1 131 17 21 . 1 Launcher 154 | . . 15 4 3 7 16 1 2 37 . 4 27 19 4 . 15 Special 4 | . 4 . . . . . . . . . . . . . . . Kinetic 895 | 30 146 111 62 12 96 118 128 7 42 . . 120 5 6 . 12 Thermal 463 | . 17 2 66 23 39 113 50 5 19 . 2 84 17 16 . 10 Explosive 102 | . . 15 3 . 1 14 1 2 37 . 4 10 8 3 . 4 Electromagnetic 249 | . . 5 . . 5 8 48 41 2 . 66 68 6 . . . Robot Hit Streak 47 | 11 10 12 11 4 10 10 47 11 17 . 13 30 10 6 . 3 Robot Miss Streak 10 | 3 5 6 4 2 4 6 10 3 2 . 2 6 1 1 . 2 Penetration Max 1 | . . . . . . . . . 1 . . . . . . . Secondary Targets 8 | . . . . . 2 5 . . . . . 1 . . . . Max Gunslinging Chain 1 | . . . . . 1 1 . . . . . 1 . . . . Shots Hit Robots 1191 | 21 96 95 69 14 117 201 175 42 59 . 41 200 23 20 . 18 Core Hits 699 | 7 41 59 33 11 48 113 70 27 14 . 22 169 27 16 . 42 Critical Kills 6 | . . . 1 . 1 2 . . 1 . . . 1 . . . Critical Parts Destroyed 15 | . . 2 . . . 7 1 . 1 . . 1 . 2 . 1 Critical Strikes 38 | . . 2 4 1 2 10 2 1 6 . . 5 2 2 . 1 Burn 3 | . . . . . . 1 1 1 . . . . . . . . Meltdown 2 | . . . . . 1 . . . . . . . 1 . . . Destroy 14 | . . . 4 . . 2 . . 6 . . 2 . . . . Blast 3 | . . . . 1 1 . . . . . . 1 . . . . Smash 13 | . . 2 . . . 7 1 . . . . . . 2 . 1 Sever 3 | . . . . . . . . . . . . 2 1 . . . Melee Attacks 305 | . 1 12 40 2 38 62 27 14 3 . 38 44 6 3 . 15 Impact 165 | . . 12 39 2 . 61 12 12 . . 18 1 . 3 . 5 Slashing 96 | . . . . . 25 1 . 1 3 . 13 42 6 . . 5 Piercing 5 | . . . . . . . . . . . . . . . . 5 Sneak Attacks 91 | . 1 8 . . 13 20 18 3 3 . 7 12 6 . . . Combat Hostiles 3 | . . . . . . 2 1 . . . . . . . . . Follow-up Attacks 14 | . . . . . . 7 . 1 . . . 1 . 1 . 4 Damage Inflicted 45821 | 179 1292 3284 1963 593 3568 9134 3034 1349 5516 . 1406 8837 2164 1171 . 2331 Guns 11007 | 179 745 989 674 16 673 2314 2002 662 282 . 643 1695 . . . 133 Cannons 8012 | . 500 155 802 355 1418 928 556 65 344 . 35 2171 256 427 . . Explosions 20017 | . . 1641 487 222 702 3142 108 349 4632 . 728 3854 1451 638 . 2063 Melee 6711 | . . 499 . . 775 2750 368 246 258 . . 1117 457 106 . 135 Ramming 74 | . 47 . . . . . . 27 . . . . . . . . Kinetic 14364 | 179 1067 1103 741 368 1550 1723 1185 100 580 . . 3401 512 167 . 1688 Thermal 7586 | . 178 . 802 225 884 1708 640 136 46 . 542 1695 256 341 . 133 Explosive 13207 | . . 1641 420 . 207 2837 . 349 4632 . 221 1247 721 557 . 375 Electromagnetic 3879 | . . 41 . . 152 116 841 491 . . 643 1377 218 . . . Impact 3846 | . . 499 . . . 2672 368 158 . . . . . 106 . 43 Slashing 2773 | . . . . . 775 78 . 88 258 . . 1117 457 . . . Piercing 92 | . . . . . . . . . . . . . . . . 92 Highest Corruption 46 | . . 13 46 1 19 19 1 2 2 . . 23 19 19 2 . Average Corruption 15 | . . 11 24 1 8 18 1 1 2 . . 14 19 6 2 . Corruption Purged 6 | . . . . . . 1 . . . . . 5 . . . . Corruption Blocked . | . . . . . . . . . . . . . . . . . Effects 436 | . . 14 182 5 31 75 2 5 6 . . 82 31 2 1 . Message Errors 100 | . . 2 41 3 6 14 . . 1 . . 22 10 1 . . Matter Fused 103 | . . 4 46 1 10 16 . 2 1 . . 14 8 . 1 . Heat Flow Errors 51 | . . . 27 . 2 7 . 1 . . . 12 2 . . . Energy Discharges 45 | . . 1 21 . 3 11 . 1 . . . 4 4 . . . Parts Rejected 8 | . . . 2 . 1 1 . . 1 . . 2 1 . . . Parts Fused 6 | . . . 4 . . 1 . . . . . . 1 . . . Data Loss (minor) 38 | . . 4 12 . 7 7 . . 2 . . 5 1 . . . Data Loss (major) 25 | . . 2 9 1 1 3 . . 1 . . 6 1 1 . . Misfires 15 | . . . 7 . . 4 1 1 . . . 1 1 . . . Alerts 8 | . . . 6 . 1 . 1 . . . . . . . . . Misdirections 7 | . . . . . . 5 . . . . . 1 1 . . . Weapon Failures 30 | . . 1 7 . . 6 . . . . . 15 1 . . . Overload Shots 7 | . . . . . . . . . 7 . . . . . . . Overflow Damage 2917 | . . 273 49 14 16 1146 203 83 30 . . 624 227 125 . 127 Projectiles 252 | . . . 16 . 5 25 30 . . . . 120 28 28 . . Explosions 584 | . . 83 33 14 11 110 . . . . . 188 59 2 . 84 Melee 2081 | . . 190 . . . 1011 173 83 30 . . 316 140 95 . 43 Knockbacks 37 | . 2 6 . . . 7 3 2 . . . 15 . 2 . . Impact 14 | . 1 3 . . . 6 2 2 . . . . . . . . Kinetic 21 | . 1 2 . . . 1 . . . . . 15 . 2 . . Secondary 2 | . . 1 . . . . 1 . . . . . . . . . Self-Inflicted Damage 843 | . . 27 . 47 12 147 . . 44 . 57 384 . . . 125 Shots 27 | . . 1 . 1 1 3 . . 2 . 2 13 . . . 4 Rammed 5 | . 5 . . . . . . . . . . . . . . . Targets Rammed 8 | . 7 . . . . . . 1 . . . . . . . . Kicked 1 | . . . . . . . . 1 . . . . . . . . Crushed 2 | . 2 . . . . . . . . . . . . . . . Highest Temperature 483 | . 117 342 319 204 322 483 351 260 194 . 121 253 246 326 . 84 Average Temperature 94 | . 39 113 105 64 106 141 89 75 61 . 39 67 93 107 . 19 Received Heat Transfer 4451 | . 147 354 707 9 261 909 333 54 . . 39 1123 30 62 . 423 Effects 14 | . . 2 1 . 1 7 2 . . . . . . 1 . . Shutdowns 2 | . . . . . . 2 . . . . . . . . . . Energy Bleed 2 | . . . . . . 1 1 . . . . . . . . . Interference 6 | . . 2 . . 1 3 . . . . . . . . . . Short Circuit 4 | . . . 1 . . 1 1 . . . . . . 1 . . Siege Activations . | . . . . . . . . . . . . . . . . . Martial Activations 1 | . . . . . . . . . . . 1 . . . . . Total Turns 5 | . . . . . . . . . . . 5 . . . . . Longest Duration 5 | . . . . . . . . . . . 5 . . . . . Shielding Activations . | . . . . . . . . . . . . . . . . . Robots Disrupted 5 | . . . . . . . 1 3 . . . 1 . . . . Combat Hostiles 5 | . . . . . . . 1 3 . . . 1 . . . . Robots Corrupted 26 | . . 4 . . . 12 3 2 . . 1 2 1 1 . . Combat Hostiles 13 | . . . . . . 5 2 1 . . 1 2 1 1 . . Parts Fried 33 | . . 5 . . . 15 2 2 . . 1 6 2 . . . Impact Corruptions 50 | . 1 7 . . . 29 5 3 . . . . . 4 . 1 Robots Melted 2 | . . . . . 1 . . . . . . . 1 . . . Combat Hostiles 2 | . . . . . 1 . . . . . . . 1 . . . Parts Melted 8 | . . . . . 1 3 . 1 . . 1 . 1 1 . . Heat Transferred 9363 | . 370 . 1073 296 333 2603 993 285 55 . 487 1793 400 500 . 175 Parts Sabotaged . | . . . . . . . . . . . . . . . . . Parts Stolen . | . . . . . . . . . . . . . . . . . Parts Stripped . | . . . . . . . . . . . . . . . . . Power Chain Reactions 10 | . . . . . . 1 2 . . . 3 4 . . . . Alert | -11 -10 -10 -10 -8 -8 -8 -8 -7 -7 -7 -7 -7 -7 -7 -7 -7 ------- Run | Yrd Mat Min Sub Mat Gar Mat Gar Fac Was Fac Gar Fac Low Low Zio Dee Maximum Alert Level 5 | . 2 2 . . 3 4 5 4 2 1 5 5 . . . . Low Security (%) 25 | 100 95 4 . 100 31 . . . 2 81 6 . . . . . Level 1 12 | . 4 8 . . 20 31 . . 90 18 9 . . . . . Level 2 13 | . . 87 . . 21 17 . . 6 . 4 . . . . . Level 3 18 | . . . . . 26 44 17 46 . . 27 19 . . . . Level 4 16 | . . . . . . 5 30 53 . . 28 46 . . . . Level 5 12 | . . . . . . . 52 . . . 24 30 . . . . High Security . | . . . . . . . . . . . . 3 . . . . Max Security . | . . . . . . . . . . . . . . . . . Sterilizations 1 | . . . . . . 1 . . . . . . . . . . Peak Influence 2596 | 10 459 648 . 175 927 1382 2078 1238 414 249 2110 2596 . . . . Initial 1107 | . . 178 . 41 31 451 895 1090 379 131 167 1107 . . . . Average 773 | 1 60 471 . 87 434 694 1531 1118 317 148 1183 1498 . . . . Influence Increases 12598 | 20 1028 883 345 358 1016 1685 1483 356 119 178 2073 2509 290 255 . . Destroy 0b10 Robot/C 6280 | . 420 540 260 120 540 980 720 200 . 60 740 1240 260 200 . . Destroy 0b10 Robot/NC 585 | 20 45 120 . 30 15 170 5 45 . 10 . 120 . 5 . . Destroy Leader 892 | . 90 30 10 26 30 240 50 52 . 12 50 252 30 20 . . Allied During Kill 813 | . . 2 . 4 1 2 22 . . 82 554 146 . . . . Successful Hack 233 | . 23 . . 21 14 57 14 24 . 14 14 52 . . . . Disable Machine 405 | . . . . 30 30 15 . . . . 30 300 . . . . Anti-Garrison Action 1300 | . . . . . 300 . 500 . . . 500 . . . . . Destroy Structure 933 | . 6 63 . 67 56 161 67 20 119 . 140 234 . . . . Lose Combat Pursuer 645 | . 60 . 75 60 30 60 105 15 . . 45 165 . 30 . . Miscellaneous 512 | . 384 128 . . . . . . . . . . . . . . Influence Decreases 12598 | 20 569 905 701 390 138 1234 783 1350 1015 127 202 2033 1285 646 1200 . Entered New Map 6812 | . . 281 228 40 18 476 483 988 705 57 72 1003 957 304 1200 . Time Decay 4526 | 20 569 534 463 230 . 668 . 362 310 50 . 660 318 342 . . Lost Part 390 | . . 90 10 20 60 90 10 . . . 10 90 10 . . . Lost Ally 720 | . . . . 100 60 . 140 . . 20 120 280 . . . . Purge Threat 150 | . . . . . . . 150 . . . . . . . . . Squads Dispatched 47 | . 5 3 . 1 . 9 . 3 . . . 26 . . . . Investigation 6 | . 1 2 . 1 . 2 . . . . . . . . . . Extermination 7 | . . . . . . . . 2 . . . 5 . . . . Reinforcement 16 | . 3 . . . . 4 . . . . . 9 . . . . Assault 13 | . 1 1 . . . 2 . 1 . . . 8 . . . . Garrison 5 | . . . . . . 1 . . . . . 4 . . . . Intercept . | . . . . . . . . . . . . . . . . . Searches Triggered . | . . . . . . . . . . . . . . . . . Construction Impeded 3 | . . . . . . 1 . . . . . 2 . . . . Haulers Reinforced . | . . . . . . . . . . . . . . . . . Active Scanning Responses . | . . . . . . . . . . . . . . . . . Cargo Convoy Interrupts . | . . . . . . . . . . . . . . . . . Stealth | -11 -10 -10 -10 -8 -8 -8 -8 -7 -7 -7 -7 -7 -7 -7 -7 -7 --------- Run | Yrd Mat Min Sub Mat Gar Mat Gar Fac Was Fac Gar Fac Low Low Zio Dee Distress Signals 12 | . 1 . . 2 . 4 . 2 . 1 . 2 . . . . Communications Jammed 39 | . . . . . . 14 . . . 25 . . . . . . Distress Signals 37 | . . . . . . 14 . . . 23 . . . . . . Times Spotted 605 | . 38 32 27 15 31 67 40 21 7 4 32 98 13 13 . 167 Peak Tracking Total 85 | . 4 5 5 5 7 8 6 8 2 4 6 6 6 5 . 85 Tactical Retreats 42 | . 3 . 2 2 2 4 7 1 . . 1 13 . 2 . 5 ECM-based Alert Blocks 4 | . . . . . . . . . . . . 4 . . . . Traps | -11 -10 -10 -10 -8 -8 -8 -8 -7 -7 -7 -7 -7 -7 -7 -7 -7 ------- Run | Yrd Mat Min Sub Mat Gar Mat Gar Fac Was Fac Gar Fac Low Low Zio Dee Traps Triggered 26 | . 1 . 1 2 9 1 9 2 . . . 1 . . . . Indirectly 1 | . . . . . 1 . . . . . . . . . . . Trap Hack Attempts 3 | . 3 . . . . . . . . . . . . . . . Triggered . | . . . . . . . . . . . . . . . . . Disarmed 1 | . 1 . . . . . . . . . . . . . . . Reprogrammed . | . . . . . . . . . . . . . . . . . Reused . | . . . . . . . . . . . . . . . . . Traps Extracted . | . . . . . . . . . . . . . . . . . Installed 4 | . . 4 . . . . . . . . . . . . . . Triggered . | . . . . . . . . . . . . . . . . . Most Traps Carried 4 | . . 4 . . . . . . . . 1 . 2 2 2 2 Machines | -11 -10 -10 -10 -8 -8 -8 -8 -7 -7 -7 -7 -7 -7 -7 -7 -7 ---------- Run | Yrd Mat Min Sub Mat Gar Mat Gar Fac Was Fac Gar Fac Low Low Zio Dee Machines Disabled 58 | . . . 4 2 6 1 6 . . . 14 20 1 . 3 1 Max in Single Turn 7 | . . . 3 1 1 1 2 . . . 2 7 1 . 1 . Garrison Relay 14 | . . . . . 4 . 5 . . . 5 . . . . . Phase Generator 3 | . . . . . 1 . 1 . . . 1 . . . . . Machines Repaired . | . . . . . . . . . . . . . . . . . Machines Dismantled 5 | . . . . . 2 . . . . . . . . . 3 . Machines Sabotaged . | . . . . . . . . . . . . . . . . . Overloaded Fab Kills . | . . . . . . . . . . . . . . . . . Hacking | -11 -10 -10 -10 -8 -8 -8 -8 -7 -7 -7 -7 -7 -7 -7 -7 -7 --------- Run | Yrd Mat Min Sub Mat Gar Mat Gar Fac Was Fac Gar Fac Low Low Zio Dee Machines Accessed 63 | . 7 . 3 5 3 12 3 5 . 2 3 18 1 . 1 . Terminals 33 | . 5 . . 3 3 7 3 1 . 1 3 7 . . . . Fabricators 3 | . . . . . . . . 1 . . . 2 . . . . Repair Stations 3 | . . . . . . 1 . . . . . 2 . . . . Recycling Units 9 | . 2 . . 1 . 2 . 1 . . . 3 . . . . Scanalyzers 5 | . . . . . . 1 . 2 . . . 2 . . . . Garrison Access 5 | . . . . 1 . 1 . . . 1 . 2 . . . . Total Hacks 147 | . 14 . 4 13 7 34 5 16 . 5 6 39 1 . 3 . Successful 66 | . 6 . 4 5 1 16 2 6 . 2 1 19 1 . 3 . Failed 79 | . 7 . . 8 6 17 3 10 . 3 5 20 . . . . Catastrophic 20 | . 3 . . 1 2 1 2 1 . . 1 9 . . . . Database Lockouts 2 | . 1 . . . . 1 . . . . . . . . . . Manual 70 | . 10 . . 7 1 19 4 9 . 1 1 17 . . 1 . Terminals 71 | . 10 . . 8 7 18 5 1 . 3 6 13 . . . . Fabricators 8 | . . . . . . . . 2 . . . 6 . . . . Repair Stations 10 | . . . . . . 4 . . . . . 6 . . . . Recycling Units 27 | . 4 . . 3 . 7 . 7 . . . 6 . . . . Scanalyzers 15 | . . . . . . 3 . 6 . . . 6 . . . . Garrison Access 8 | . . . . 2 . 2 . . . 2 . 2 . . . . Terminal Hacks 24 | . 4 . 4 3 1 1 2 . . 1 1 3 1 . 3 . Record 3 | . . . 2 . . . . . . . . . 1 . . . Part Schematic 3 | . . . . . . . . . . . . . . . 3 . Robot Analysis 4 | . 2 . . 2 . . . . . . . . . . . . Prototype ID Bank 1 | . 1 . . . . . . . . . . . . . . . Open Door 1 | . . . 1 . . . . . . . . . . . . . Emergency Access Points 1 | . . . . . . . 1 . . . . . . . . . Unreport Threat 1 | . . . . . . . 1 . . . . . . . . . Locate Traps 2 | . . . . . . 1 . . . . . 1 . . . . Transport Status 1 | . 1 . . . . . . . . . . . . . . . Recall Reinforcements 1 | . . . . . . . . . . . . 1 . . . . Hauler Manifests 2 | . . . . 1 . . . . . 1 . . . . . . Registered Components 1 | . . . . . . . . . . . . 1 . . . . Garrison Registry 2 | . . . . . 1 . . . . . 1 . . . . . Proto ID Catalog 1 | . . . 1 . . . . . . . . . . . . . Fabricator Hacks 1 | . . . . . . . . . . . . 1 . . . . Network Status 1 | . . . . . . . . . . . . 1 . . . . Repair Station Hacks 8 | . . . . . . 2 . . . . . 6 . . . . Scan Component 4 | . . . . . . 1 . . . . . 3 . . . . Repair 4 | . . . . . . 1 . . . . . 3 . . . . Recycling Unit Hacks 6 | . 2 . . 1 . 2 . 1 . . . . . . . . Retrieve Components 6 | . 2 . . 1 . 2 . 1 . . . . . . . . Scanalyzer 6 | . . . . . . 2 . 2 . . . 2 . . . . Retrieve Study 6 | . . . . . . 2 . 2 . . . 2 . . . . Garrison Access Hacks 3 | . . . . 1 . 1 . . . 1 . . . . . . Unlock Access 3 | . . . . 1 . 1 . . . 1 . . . . . . Unauthorized Hacks 18 | . . . . . . 8 . 3 . . . 7 . . . . Terminals 9 | . . . . . . 7 . . . . . 2 . . . . Assimilate 1 | . . . . . . . . . . . . 1 . . . . Botnet 3 | . . . . . . 2 . . . . . 1 . . . . Skim 5 | . . . . . . 5 . . . . . . . . . . Fabricators 4 | . . . . . . . . . . . . 4 . . . . Report 1 | . . . . . . . . . . . . 1 . . . . Liberate 2 | . . . . . . . . . . . . 2 . . . . Haulers 1 | . . . . . . . . . . . . 1 . . . . Repair Stations . | . . . . . . . . . . . . . . . . . Recycling Units 5 | . . . . . . 1 . 3 . . . 1 . . . . Monitor 1 | . . . . . . . . 1 . . . . . . . . Reject 2 | . . . . . . 1 . 1 . . . . . . . . Recyclers 2 | . . . . . . . . 1 . . . 1 . . . . Scanalyzers . | . . . . . . . . . . . . . . . . . Garrison Access . | . . . . . . . . . . . . . . . . . Data Cores Recovered 1 | . . . . . . . . . . 1 . . . . . . Used . | . . . . . . . . . . . . . . . . . Hacking Detections 43 | . 4 . . 3 2 12 1 4 . 1 1 15 . . . . Full Trace Events 2 | . . . . . . . 1 . . . 1 . . . . . Feedback Events . | . . . . . . . . . . . . . . . . . Feedback Blocked . | . . . . . . . . . . . . . . . . . Robot Schematics Acquired . | . . . . . . . . . . . . . . . . . Robots Built . | . . . . . . . . . . . . . . . . . Authchips . | . . . . . . . . . . . . . . . . . Time . | . . . . . . . . . . . . . . . . . Total Robot Build Rating . | . . . . . . . . . . . . . . . . . Part Schematics Acquired 3 | . . . . . . . . . . . . . . . 3 . Parts Built . | . . . . . . . . . . . . . . . . . Authchips . | . . . . . . . . . . . . . . . . . Time . | . . . . . . . . . . . . . . . . . Total Part Build Rating . | . . . . . . . . . . . . . . . . . Part Studies Acquired 6 | . . . . . . 2 . 2 . . . 2 . . . . Parts Repaired 3 | . . . . . . 1 . . . . . 2 . . . . Time 152 | . . . . . . 38 . . . . . 114 . . . . Parts Recycled . | . . . . . . . . . . . . . . . . . Recycled Matter . | . . . . . . . . . . . . . . . . . Retrieved Matter . | . . . . . . . . . . . . . . . . . Retrieved Components 38 | . 17 . . 1 . 18 . 2 . . . . . . . . Parts Scanalyzed . | . . . . . . . . . . . . . . . . . Part Schematics Acquired . | . . . . . . . . . . . . . . . . . Parts Damaged . | . . . . . . . . . . . . . . . . . Bothacking | -11 -10 -10 -10 -8 -8 -8 -8 -7 -7 -7 -7 -7 -7 -7 -7 -7 ------------ Run | Yrd Mat Min Sub Mat Gar Mat Gar Fac Was Fac Gar Fac Low Low Zio Dee Used RIF Installer . | . . . . . . . . . . . . . . . . . Robots Hacked 4 | . 1 . 1 . 1 . . 1 . . . . . . . . Non-combat 2 | . 1 . . . . . . 1 . . . . . . . . Combat 2 | . . . 1 . 1 . . . . . . . . . . . Robot Hacks Applied 4 | . 1 . 1 . 1 . . 1 . . . . . . . . parse_system 3 | . 1 . 1 . 1 . . . . . . . . . . . find_chute 1 | . . . . . . . . 1 . . . . . . . . Relay Couplers Released 56 | . . . . . 16 . 20 . . . 20 . . . . . Machine Destruction 56 | . . . . . 16 . 20 . . . 20 . . . . . Fabnet Peak Effective % . | . . . . . . . . . . . . . . . . . Robots Rewired 15 | . . . . . 3 . 8 . . . 3 1 . . . . Allies Hacked . | . . . . . . . . . . . . . . . . . Hacks Repelled . | . . . . . . . . . . . . . . . . . Allies | -11 -10 -10 -10 -8 -8 -8 -8 -7 -7 -7 -7 -7 -7 -7 -7 -7 -------- Run | Yrd Mat Min Sub Mat Gar Mat Gar Fac Was Fac Gar Fac Low Low Zio Dee Total Allies 53 | . . 2 . 5 3 1 8 . 19 . 5 8 . . 2 . Largest Group 19 | . . 1 . 5 3 1 4 . 19 17 15 8 . . 2 2 Highest-Rated Group 475 | . . 90 . 125 15 85 52 . 475 405 409 299 . . 192 192 Highest-Rated Ally 96 | . . 90 . 25 5 85 24 . 35 31 95 88 . . 96 96 Initial Warlord ECA Mod 28 | . . . . . . 9 9 17 17 17 17 28 28 28 28 28 Total Orders 3 | . . . . . 3 . . . . . . . . . . . STAY 1 | . . . . . 1 . . . . . . . . . . . RETURN 2 | . . . . . 2 . . . . . . . . . . . Ally Attacks 384 | . . 3 . 12 9 2 32 . . 53 143 93 . . . 37 Total Damage 7787 | . . 126 . 464 40 49 650 . . 448 2796 2703 . . . 511 Kills 59 | . . 1 . 1 . . 3 . . 6 28 16 . . . 4 Allies Corrupted 2 | . . . . . . 1 . . . . . 1 . . . . Allies Melted 2 | . . . . . . . 1 . . . . 1 . . . . X0-1V1 Amusement Gains 258 | . 6 5 43 20 44 36 . . . . . . 17 13 18 56 Good Acts 133 | . 11 21 22 5 4 13 15 1 8 . 5 18 5 5 . . Bad Acts 141 | . 13 46 23 . 10 5 12 2 3 1 7 15 1 3 . . Intel | -11 -10 -10 -10 -8 -8 -8 -8 -7 -7 -7 -7 -7 -7 -7 -7 -7 ------- Run | Yrd Mat Min Sub Mat Gar Mat Gar Fac Was Fac Gar Fac Low Low Zio Dee Active Infowar (turns) 5059 | 51 772 62 . 97 . 242 877 193 187 116 1244 769 102 . 347 . Optics 159 | . . . . 97 . . . 62 . . . . . . . . IFF 74 | . . . . . . . . . . . . 74 . . . . Seismic 885 | 51 772 62 . . . . . . . . . . . . . . Machine Analysis 8 | . . . . . . . . . . . . 8 . . . . Triangulation 448 | . . . . . . . . . . . . . 102 . 346 . Cloaking 131 | . . . . . . . . 131 . . . . . . . . Spoofing 198 | . . . . . . . . . . . . 198 . . . . Jamming 2924 | . . . . . . 242 877 . 187 116 1244 258 . . . . ECM 232 | . . . . . . . . . . . . 231 . . 1 . Robot Analysis Total 4 | . 2 . . 2 . . . . . . . . . . . . Derelict Logs Recovered 8 | . . 2 2 . . . . . . . . . 1 2 1 . Drone Launches 17 | . . . . . 4 . . . . . . . . . . 13 Drone Recoveries 1 | . . . . . 1 . . . . . . . . . . . Exploration | -11 -10 -10 -10 -8 -8 -8 -8 -7 -7 -7 -7 -7 -7 -7 -7 -7 ------------- Run | Yrd Mat Min Sub Mat Gar Mat Gar Fac Was Fac Gar Fac Low Low Zio Dee Turns Passed 25032 | 160 2919 1514 4041 492 1480 2576 1897 823 680 116 1244 2569 708 773 1862 1178 Spaces Moved 13222 | 67 1371 750 2410 288 794 1082 648 531 379 90 783 1246 446 565 1157 615 Core 321 | 3 . . . . . . . . . . . . . . . 318 Treads 1606 | 64 1371 12 3 . . 98 58 . . . . . . . . . Legs 3566 | . . . . . . . 252 531 379 90 783 1204 . . 30 297 Wheels 7729 | . . 738 2407 288 794 984 338 . . . . 42 446 565 1127 . Hover . | . . . . . . . . . . . . . . . . . Flight . | . . . . . . . . . . . . . . . . . Fastest Speed 50 | 50 160 130 120 120 130 130 160 116 116 116 111 100 100 105 105 50 Average Speed 147 | 155 160 153 146 129 132 162 209 118 127 116 122 147 126 115 151 161 Slowest Speed 480 | 160 160 320 480 145 145 360 260 193 171 116 222 220 135 180 335 417 Overloaded Moves 2 | . . . . . . . . . . . 2 . . . . . Propulsion Burnouts . | . . . . . . . . . . . . . . . . . Robots Hopped . | . . . . . . . . . . . . . . . . . Potential Cave-ins 5 | . . . . . . . . . . . . . . . . 5 Cave-ins Triggered . | . . . . . . . . . . . . . . . . . Exploration Rate (%) 66 | 4 99 98 97 43 83 68 92 21 95 3 88 47 54 83 86 63 Regions Visited 16 Branch Regions 6 Pre-discovered Areas 6 | . . 2 1 . . 1 . . . . . . 1 . 1 . Known Exits Taken 6 | . . 1 . 1 . 1 . . . 1 . 1 1 . . . Unknown Exits Taken 5 | 1 1 . 1 . . . . . . . . . . 1 1 . Scrap Searched 33 | . . 3 19 . . . . . . . . . 5 3 3 . Spaces Dug 300 | . 4 11 4 45 26 61 21 20 7 . 25 36 5 30 . 5 Terrain Destroyed 1442 | . 4 106 41 69 33 193 97 32 258 . 181 246 64 66 . 52 Melee 81 | . . . 2 2 6 9 6 8 . . 19 24 . . . 5 Projectile 96 | . 4 . 11 13 6 22 . . 14 . . 12 6 7 . 1 AOE 1265 | . . 106 28 54 21 162 91 24 244 . 162 210 58 59 . 46 Terrain Rammed . | . . . . . . . . . . . . . . . . . Walls Destroyed . | . . . . . . . . . . . . . . . . . Machines Disabled . | . . . . . . . . . . . . . . . . . Actions | -11 -10 -10 -10 -8 -8 -8 -8 -7 -7 -7 -7 -7 -7 -7 -7 -7 --------- Run | Yrd Mat Min Sub Mat Gar Mat Gar Fac Was Fac Gar Fac Low Low Zio Dee Total 16845 | 96 1931 969 2714 376 1053 1633 993 657 492 100 968 1675 544 661 1219 764 Wait 1133 | . 399 28 54 11 17 248 72 34 41 1 43 66 24 65 5 25 Move 13207 | 66 1370 749 2409 287 793 1081 647 531 378 89 782 1245 445 564 1156 615 Hop . | . . . . . . . . . . . . . . . . . Pick Up 298 | 8 17 33 25 13 22 31 18 13 4 3 22 23 11 5 15 35 Fast Attach 122 | 7 5 5 12 9 8 31 6 5 1 . 3 13 5 1 3 8 Attach 127 | . 1 13 5 7 14 15 7 5 3 1 2 40 3 1 2 8 Detach 67 | . . 1 4 1 3 7 2 3 3 . 1 33 2 1 1 5 Swap 341 | . 26 28 38 9 16 36 54 19 10 3 14 57 11 9 3 8 Drop 283 | . 19 23 37 18 21 40 18 10 3 2 28 20 9 3 7 25 Fire 820 | 15 83 73 70 19 74 92 95 22 46 . 35 133 28 10 . 25 Melee 285 | . 1 12 40 2 38 51 27 13 3 . 37 43 6 2 . 10 Ram . | . . . . . . . . . . . . . . . . . Kick 1 | . . . . . . . . 1 . . . . . . . . Crush 7 | . 7 . . . . . . . . . . . . . . . Escape Stasis 83 | . . . . . 39 . 44 . . . . . . . . . Rewire . | . . . . . . . . . . . . . . . . . Trap 7 | . 3 4 . . . . . . . . . . . . . . Miscellaneous 64 | . . . 20 . 8 1 3 1 . 1 1 2 . . 27 . Route ------- -11/Scrapyard -10/Materials (discovered 5 exits: [*Mat x3] / [*Min] / *Sub) -10/Mines (discovered 3 exits: [*Mat] / *Exi / *Sub) -10/Subcaves (discovered 2 exits: *Mat / *Rec) -8/Materials -8/Garrison (discovered 4 exits: *Mat x4) -8/Materials (discovered 4 exits: *Fac x3 / Gar) -8/Garrison (discovered 3 exits: *Fac x3) -7/Factory (discovered 3 exits: *Fac x2 / Low) -7/Waste -7/Factory -7/Garrison (discovered 4 exits: *Fac x4) -7/Factory (discovered 4 exits: *Fac x3 / *Low) -7/Lower Caves -7/Lower Caves (discovered 2 exits: *Fac / *Zio) -7/Zion (discovered 2 exits: [*Dee] / [*Pro]) -7/Deep Caves History --------- Turn | Location | Event 6 | -11/Scrapyard | Discovered new exit (range 14) 161 | -11/Scrapyard | Entered Materials 311 | -10/Materials | Build established: Mutant 789 | -10/Materials | Discovered new exit (range 11) 1068 | -10/Materials | Central database locked down 1686 | -10/Materials | Discovered new exit (range 4) 1838 | -10/Materials | Discovered new exit (range 15) 1942 | -10/Materials | Discovered new exit (range 12) 2431 | -10/Materials | Discovered new exit (range 10) 2441 | -10/Materials | Prayed at D.C.S.S. Altar Unit 2694 | -10/Materials | Inventory capacity permanently improved by X0-1V1 (+1) 2913 | -10/Materials | Weapon slot count permanently improved by X0-1V1 (+1) 2940 | -10/Materials | X0-1V1 added 0b10 threat records associated with you (minor) 2965 | -10/Materials | X0-1V1 sent you into danger 2982 | -10/Materials | Core integrity restored by X0-1V1 (+34) 2982 | -10/Materials | Core integrity permanently improved by X0-1V1 (+300) 2997 | -10/Materials | X0-1V1 activates XOMVISION 3003 | -10/Materials | X0-1V1 foreshadows a heat wave 3059 | -10/Materials | X0-1V1 vaporized surrounding terrain (radius 24) 3064 | -10/Materials | X0-1V1 added 0b10 threat records associated with you (considerable) 3080 | -10/Materials | Entered Mines 3116 | -10/Mines | Discovered new exit (range 4) 3116 | -10/Mines | X0-1V1 sent you into danger 3121 | -10/Mines | X0-1V1 turns hostiles against one another 3124 | -10/Mines | X0-1V1 collapsed Materials access 3127 | -10/Mines | X0-1V1 mutated your Propulsion slot to Power slot 3131 | -10/Mines | System corruption reached 10% 3152 | -10/Mines | Identified exit to Subcaves 3152 | -10/Mines | X0-1V1 revealed exit location to -10/Subcaves 3163 | -10/Mines | X0-1V1 added 0b10 threat records associated with you (minor) 3208 | -10/Mines | X0-1V1 sent someone to clean up after you 3216 | -10/Mines | Build established: Gunner 3217 | -10/Mines | X0-1V1 mutated your Weapon slot to Propulsion slot 3234 | -10/Mines | X0-1V1 sent you into danger 3263 | -10/Mines | X0-1V1 sent hostile G-34 Mercenary (x5) 3291 | -10/Mines | Identified exit to Exiles 3291 | -10/Mines | X0-1V1 revealed exit location to -10/Exiles 3311 | -10/Mines | Discovered new exit (range 14) 3311 | -10/Mines | X0-1V1 sent you into danger 3316 | -10/Mines | X0-1V1 upgraded hostiles (x2) 3347 | -10/Mines | X0-1V1 mutated your Propulsion slot to Utility slot 3351 | -10/Mines | X0-1V1 sent hostile S-10 Pest (x4) 3373 | -10/Mines | Destroyed 10 combat bots 3375 | -10/Mines | X0-1V1 vaporized surrounding terrain (radius 20) 3387 | -10/Mines | Found the Drone Emporium 3395 | -10/Mines | X0-1V1 sent allied H-61 Shepherd (x1) 3402 | -10/Mines | X0-1V1 rewrote H-61 Shepherd IFF filter 3444 | -10/Mines | Lost 4 parts (1n1u2w) 3519 | -10/Mines | Learned 2 Materials zone layouts 3521 | -10/Mines | Build established: Mutant 3523 | -10/Mines | Found Prototype Device 3712 | -10/Mines | Learned location of Storage (-9) 3776 | -10/Mines | X0-1V1 sent hostile G-34 Mercenary (x4) 3943 | -10/Mines | Core integrity fell below 50% 4022 | -10/Mines | Lost 3 parts (2p1n) 4223 | -10/Mines | Deemed a non-threat by the Exiles lab entrance 4588 | -10/Mines | Build established: Scavenger-Mutant 4594 | -10/Mines | Entered Subcaves 4595 | -10/Subcaves | Approached by a straggling Scientist 4712 | -10/Subcaves | Learned Materials garrison access intel 4833 | -10/Subcaves | A swath of the cavern ceiling suddenly collapsed 4955 | -10/Subcaves | Build established: Subdweller-Mutant 5047 | -10/Subcaves | Disturbed a concealed Subdweller 5095 | -10/Subcaves | Discovered new exit (range 12) 5510 | -10/Subcaves | Shifting Twisted Machinery released Sub. Beam Cannon 5518 | -10/Subcaves | Shifting Twisted Machinery released Battle Rifle 5845 | -10/Subcaves | Visited Clippyterm 5850 | -10/Subcaves | Learned location of Section 7 (-2) 6042 | -10/Subcaves | Discovered new exit (range 6) 6070 | -10/Subcaves | X0-1V1 sent you into danger 6169 | -10/Subcaves | Identified exit to Recycling 6313 | -10/Subcaves | Disturbed a concealed Subdweller 6444 | -10/Subcaves | X0-1V1 upgraded hostiles (x2) 6445 | -10/Subcaves | Core integrity fell below 20% 6547 | -10/Subcaves | Core integrity restored by X0-1V1 (+108) 6695 | -10/Subcaves | Shifting Twisted Machinery released Sub. Power Source 6706 | -10/Subcaves | Shifting Twisted Machinery released Sub. Monowheel 6916 | -10/Subcaves | Visited 4L-MR0's lab 6925 | -10/Subcaves | Found Prototype Device 6938 | -10/Subcaves | Found Powered Cannon 6972 | -10/Subcaves | System corruption reached 30% 7209 | -10/Subcaves | Shifting Twisted Machinery released Mak. Light Armor Plating 7472 | -10/Subcaves | Core integrity restored by X0-1V1 (+94) 7935 | -10/Subcaves | A Subdweller sparked back to life 7935 | -10/Subcaves | A Subdweller sparked back to life 7985 | -10/Subcaves | Found Cargo Legs 8226 | -10/Subcaves | X0-1V1 tapped a No Entrance sign 8246 | -10/Subcaves | X0-1V1 sent hostile G-34 Mercenary (x3) 8261 | -10/Subcaves | X0-1V1 activates XOMVISION 8264 | -10/Subcaves | X0-1V1 mutated your Utility slot to Propulsion slot 8283 | -10/Subcaves | Core integrity restored by X0-1V1 (+81) 8300 | -10/Subcaves | Identified Sfc. Transmogrifier 8300 | -10/Subcaves | Forcibly received Sfc. Transmogifier from X0-1V1 8342 | -10/Subcaves | Core integrity restored by X0-1V1 (+76) 8471 | -10/Subcaves | X0-1V1 activates XOMVISION 8543 | -10/Subcaves | Build established: Mutant 8635 | -10/Subcaves | Entered Materials 8635 | -8/Materials | Evolved 4 slots: Propulsion x1, Utility x2, Weapon x1 8637 | -8/Materials | Loaded intel: 1 garrison access location 8739 | -8/Materials | X0-1V1 sent you to a vault 8934 | -8/Materials | X0-1V1 activates XOMVISION 8945 | -8/Materials | Lost 5 allies 9112 | -8/Materials | Identified exit to Garrison 9127 | -8/Materials | Entered Garrison 9193 | -8/Garrison | Triggered checkpoint 9195 | -8/Garrison | Garrison Relay disabled 9377 | -8/Garrison | Spotted B-75 Beast 9437 | -8/Garrison | X0-1V1 upgraded hostiles (x1) 9438 | -8/Garrison | Spotted B-86 Titan 9441 | -8/Garrison | Identified Bomb Drone Bay 9477 | -8/Garrison | Lost 3 parts (1n2w) 9477 | -8/Garrison | Lost 3 allies 9567 | -8/Garrison | Triggered checkpoint 9657 | -8/Garrison | X0-1V1 mutated your Propulsion slot to Utility slot 9681 | -8/Garrison | Discovered new exit (range 6) 9744 | -8/Garrison | Attached Powered Cannon, gained temporary slot: Power 9822 | -8/Garrison | Discovered new exit (range 35) 9822 | -8/Garrison | Discovered new exit (range 51) 9822 | -8/Garrison | Discovered new exit (range 36) 9822 | -8/Garrison | Discovered new exit (range 32) 9847 | -8/Garrison | Triggered checkpoint 9884 | -8/Garrison | Lost 3 allies 9919 | -8/Garrison | Destroyed 11 combat bots 9935 | -8/Garrison | Triggered checkpoint 9963 | -8/Garrison | System corruption reached 10% 9989 | -8/Garrison | X0-1V1 destroyed Phase Generator 9989 | -8/Garrison | Phase Generator disabled 10021 | -8/Garrison | Triggered checkpoint 10069 | -8/Garrison | Garrison Relay disabled 10195 | -8/Garrison | Triggered checkpoint 10216 | -8/Garrison | Garrison Relay disabled 10365 | -8/Garrison | X0-1V1 activates XOMVISION 10440 | -8/Garrison | Garrison Relay disabled 10607 | -8/Garrison | Entered Materials 10710 | -8/Materials | X0-1V1 activates XOMVISION 10849 | -8/Materials | Build established: Gunner 11274 | -8/Materials | Build established: Tank 11297 | -8/Materials | Repaired Adv. Treads? 11391 | -8/Materials | X0-1V1 sent allied B-75 Beast (x1) 11429 | -8/Materials | Destroyed B-75 Beast 11540 | -8/Materials | Core integrity restored by X0-1V1 (+202) 11607 | -8/Materials | Weapon slot count temporarily expanded by X0-1V1 (+4) 11807 | -8/Materials | First assault squad dispatched 11911 | -8/Materials | Destroyed 8 combat bots 12027 | -8/Materials | Build established: Executioner 12080 | -8/Materials | Central database locked down 12127 | -8/Materials | Discovered new exit (range 15) 12331 | -8/Materials | Core integrity restored by X0-1V1 (+202) 12621 | -8/Materials | Build established: Mutant 12643 | -8/Materials | X0-1V1 sent hostile Y-45 Defender (x2) 12744 | -8/Materials | X0-1V1 activates XOMVISION 12883 | -8/Materials | Learned location of 1 exit from Lower Caves 12916 | -8/Materials | Learned location of 2 exits from Factory 12940 | -8/Materials | Learned Storage trap positions 12961 | -8/Materials | Learned 4 Factory zone layouts 12962 | -8/Materials | Learned 2 Storage zone layouts 12968 | -8/Materials | Learned Factory garrison access intel 12984 | -8/Materials | Identified exit to Factory 13032 | -8/Materials | Garrison activated, responded to threat 13097 | -8/Materials | Destroyed 10 combat bots 13123 | -8/Materials | Sterilization system engaged 13123 | -8/Materials | Non-combat units ordered to evacuate 13142 | -8/Materials | Identified exit to Garrison 13183 | -8/Materials | Entered Garrison 13322 | -8/Garrison | Hvy. Flail reconfigured into Item Mimic 13373 | -8/Garrison | X0-1V1 activates XOMVISION 13403 | -8/Garrison | Triggered checkpoint 13512 | -8/Garrison | Discovered exit to Factory (range 10) 13542 | -8/Garrison | X0-1V1 destroyed Phase Generator 13542 | -8/Garrison | Phase Generator disabled 13603 | -8/Garrison | X0-1V1 revealed exit location to -7/Factory 13611 | -8/Garrison | Triggered checkpoint 13657 | -8/Garrison | Garrison Relay disabled 13721 | -8/Garrison | Triggered checkpoint 13781 | -8/Garrison | X0-1V1 revealed exit location to -7/Factory 13786 | -8/Garrison | X0-1V1 sent you into danger 13862 | -8/Garrison | Garrison Relay disabled 13906 | -8/Garrison | Build established: Tank 13909 | -8/Garrison | Garrison Relay disabled 14061 | -8/Garrison | X0-1V1 sent you into danger 14091 | -8/Garrison | X0-1V1 upgraded hostiles (x2) 14093 | -8/Garrison | Triggered checkpoint 14146 | -8/Garrison | X0-1V1 activates XOMVISION 14325 | -8/Garrison | Triggered checkpoint 14472 | -8/Garrison | Hvy. EM Shotgun reconfigured into Item Mimic 14513 | -8/Garrison | X0-1V1 rewrote Shotgunner 3b IFF filter 14613 | -8/Garrison | Triggered checkpoint 14645 | -8/Garrison | Garrison Relay disabled 15044 | -8/Garrison | X0-1V1 mutated your Utility slot to Weapon slot 15080 | -8/Garrison | Entered Factory 15080 | -7/Factory | Evolved 2 slots: Propulsion x2 15081 | -7/Factory | Identified exit to Lower Caves 15081 | -7/Factory | Identified exit to Factory 15081 | -7/Factory | Attached Cargo Legs, gained temporary slots: Utility x2 15083 | -7/Factory | Loaded intel: 4 garrison access locations 15159 | -7/Factory | Discovered exit to Factory (range 6) 15236 | -7/Factory | X0-1V1 whisked you away to safety 15250 | -7/Factory | X0-1V1 redirected Transport squads to designated parking area 15410 | -7/Factory | Destroyed 8 combat bots 15880 | -7/Factory | First assault squad dispatched 15903 | -7/Factory | Sucked down chute 15903 | -7/Factory | Entered Waste 15919 | -7/Waste | Spotted C-40 Crusher 15942 | -7/Waste | Destroyed C-40 Crusher 15989 | -7/Waste | Spotted C-40 Crusher 16015 | -7/Waste | Spotted C-40 Crusher 16022 | -7/Waste | Destroyed C-40 Crusher 16034 | -7/Waste | Spotted C-40 Crusher 16046 | -7/Waste | Destroyed C-40 Crusher 16053 | -7/Waste | Spotted C-40 Crusher 16060 | -7/Waste | Destroyed C-40 Crusher 16073 | -7/Waste | Spotted C-40 Crusher 16085 | -7/Waste | Destroyed C-40 Crusher 16156 | -7/Waste | Destroyed C-40 Crusher 16175 | -7/Waste | Build established: Gunner 16402 | -7/Waste | Warlord forces began an assault 16518 | -7/Waste | Discovered new exit (range 12) 16583 | -7/Waste | Entered Factory 16583 | -7/Factory | Accompanied by 17 allies 16695 | -7/Factory | Identified exit to Garrison 16699 | -7/Factory | Entered Garrison 16699 | -7/Garrison | Accompanied by 15 allies 16773 | -7/Garrison | Triggered checkpoint 16781 | -7/Garrison | Garrison Relay disabled 16930 | -7/Garrison | Lost 3 allies 16949 | -7/Garrison | Triggered checkpoint 16949 | -7/Garrison | Triggered checkpoint 17009 | -7/Garrison | Triggered checkpoint 17029 | -7/Garrison | Garrison Relay disabled 17035 | -7/Garrison | Found embedded Infiltrators 17095 | -7/Garrison | Discovered new exit (range 10) 17148 | -7/Garrison | Phase Generator disabled 17309 | -7/Garrison | Discovered new exit (range 47) 17309 | -7/Garrison | Discovered new exit (range 34) 17309 | -7/Garrison | Discovered new exit (range 20) 17309 | -7/Garrison | Discovered new exit (range 35) 17365 | -7/Garrison | Triggered checkpoint 17396 | -7/Garrison | Garrison Relay disabled 17487 | -7/Garrison | Garrison Relay disabled 17719 | -7/Garrison | Triggered checkpoint 17915 | -7/Garrison | Triggered checkpoint 17943 | -7/Garrison | Entered Factory 17943 | -7/Factory | Accompanied by 7 allies 18102 | -7/Factory | X0-1V1 announced a LAN party 18140 | -7/Factory | X0-1V1 enhanced Transport squad support 18194 | -7/Factory | X0-1V1 redirected Transport squads to designated parking area 18264 | -7/Factory | X0-1V1 sent you to a vault 18340 | -7/Factory | Repaired Shock Rifle 18343 | -7/Factory | First assault squad dispatched 18372 | -7/Factory | Repaired Rocket Launcher 18539 | -7/Factory | Lost 4 allies 18670 | -7/Factory | Garrison activated, responded to threat 18854 | -7/Factory | Discovered exit to Factory (range 6) 18877 | -7/Factory | Build established: Mutant 19248 | -7/Factory | X0-1V1 revealed exit location to -7/Lower Caves 19454 | -7/Factory | System corruption reached 10% 19699 | -7/Factory | Destroyed 8 combat bots 19723 | -7/Factory | Garrison activated, responded to threat 19735 | -7/Factory | Lost 3 parts (1p1u1w) 19927 | -7/Factory | X0-1V1 sent hostile H-55 Commando (x3) 20097 | -7/Factory | X0-1V1 sent hostile H-55 Commando (x3) 20162 | -7/Factory | X0-1V1 downgraded hostiles (x1) 20419 | -7/Factory | Discovered exit to Factory (range 6) 20419 | -7/Factory | X0-1V1 sent you into danger 20424 | -7/Factory | Core integrity fell below 50% 20428 | -7/Factory | High security lockdown imminent 20435 | -7/Factory | X0-1V1 revealed exit location to -6/Factory 20482 | -7/Factory | Destroyed 7 combat bots 20508 | -7/Factory | High security lockdown engaged 20512 | -7/Factory | Entered Lower Caves 20513 | -7/Lower Caves | Encountered a Warlord checkpoint 20513 | -7/Lower Caves | Identified exit to Lower Caves 20562 | -7/Lower Caves | Met a Warlord Commander 20563 | -7/Lower Caves | Learned location of Warlord (-4) 20564 | -7/Lower Caves | Warlord Commander delivered Encrypted Comm Array 20564 | -7/Lower Caves | Found Encrypted Comm Array 20721 | -7/Lower Caves | Destroyed 11 combat bots 20737 | -7/Lower Caves | Learned 4 Factory zone layouts 20947 | -7/Lower Caves | Build established: Tank 21019 | -7/Lower Caves | Core integrity restored by X0-1V1 (+198) 21068 | -7/Lower Caves | Found Alien Artifact 21107 | -7/Lower Caves | X0-1V1 sent hostile H-55 Commando (x2) 21220 | -7/Lower Caves | Entered another Lower Caves area 21226 | -7/Lower Caves | Discovered exit to Factory (range 6) 21489 | -7/Lower Caves | Learned Factory stockpile data 21599 | -7/Lower Caves | Encountered a Warlord checkpoint 21845 | -7/Lower Caves | Discovered new exit (range 10) 21894 | -7/Lower Caves | X0-1V1 mutated your Weapon slot to Utility slot 21916 | -7/Lower Caves | Build established: Mutant 21954 | -7/Lower Caves | Learned 8 Factory zone layouts 21993 | -7/Lower Caves | Entered Zion 22056 | -7/Zion | Discovered new exit (range 19) 22091 | -7/Zion | System corruption cleaned by Quarantine Array 22510 | -7/Zion | Learned location of Quarantine (-2) 22560 | -7/Zion | Given A8's code to call for help 22709 | -7/Zion | Met Imprinter 22790 | -7/Zion | Received a visual enhancement algorithm 22943 | -7/Zion | Found Prototype Device 22943 | -7/Zion | Identified Phasing AFG 23233 | -7/Zion | Build established: Hauler-Mutant 23307 | -7/Zion | Found Prototype Energy Gun 23781 | -7/Zion | Discovered new exit (range 5) 23814 | -7/Zion | Enhanced Grunt warped into view, answering call for help 23815 | -7/Zion | Enhanced Grunt warped into view, answering call for help 23839 | -7/Zion | Saw the warning signs outside the Deep Caves entrance 23855 | -7/Zion | Entered Deep Caves 23855 | -7/Deep Caves | Accompanied by 2 allies 24089 | -7/Deep Caves | Z-Facility disabled 24099 | -7/Deep Caves | X0-1V1 poked a wall 24113 | -7/Deep Caves | Attacked by Z-Imprinter 24130 | -7/Deep Caves | Allies destroyed Z-Imprinter 24156 | -7/Deep Caves | Found Prototype Device 24156 | -7/Deep Caves | Identified Exp. Thermal Shield 24662 | -7/Deep Caves | Found Prototype Protection 24713 | -7/Deep Caves | Found Prototype Protection 24731 | -7/Deep Caves | Found Prototype Protection 24739 | -7/Deep Caves | Identified Zio. Heavy Carapace 24740 | -7/Deep Caves | Found Zio. Heavy Carapace 24832 | -7/Deep Caves | Spotted Assembler 24858 | -7/Deep Caves | Destroyed 9 combat bots 24906 | -7/Deep Caves | Lost 12 allies 24937 | -7/Deep Caves | Core integrity fell below 20% 24941 | -7/Deep Caves | X0-1V1 rescued you from certain death 24969 | -7/Deep Caves | Lost 4 parts (3n1u) 25033 | -7/Deep Caves | Destroyed by as-73975 with Assembled Heavy Rifle Last Messages --------------- 24935_ Slug penetrates as-43704. 24935_ as-43704 destroyed. 24936_ Slug penetrates Earth. 24936_ Penetrated by Slug. 24936_ Slug penetrates as-71520. 24937_ Slug penetrates Earth. 24937_ Penetrated by Slug. 24938_ Slug penetrates as-16656. 24938_ Multireflex Exoskeleton destroyed. 24939_ X0-1V1 is amused. 24939_ Slug penetrates as-51375. 24941_ Penetrated by Slug. 24941_ X0-1V1 barely happened to notice your imminent destruction. 24941_ Core integrity partially restored (378). The surroundings shift and blur. 24949_ Acquired Mak. Axe. 24950_ Discarded X0-1V1's Piety Tracker. 24954_ The unstable cave ceiling collapses. X0-1V1's Piety Tracker suddenly appears amidst shimmering waves of color. 25033_ X0-1V1 bursts into laughter! Map ----- +----------------------------------------------------+ | ??####??????## #????# ??????# #????# | | ??# #??????# #????# ??????# #???### | | ?## #?????## #??????# ####### #???## | | ## #????## #???????# # #??##" | | # #??### #####???# #?## ## | | #### #?????# ### ##### | | ### ###???# ## # ##?# | | #?# #??## #### "##??## | | ###### #?### #?## ##?### ! ###??### | | #????# "" ##### #?# ##??## ##???## | | ##????# """ ## #?# ########????# | | ##?????# " ## ### ####???#[ # | | ##??????# # ##??### | | ????????######## aa #????## | | ???????###?????# #######aa ## ##???## | | ??????## ####### ##??### #### ###????### | | ?????## #??## a#??# ##??????# # | | ????## #??# ##?# #??????## | | #???# #########??# a #?# #??????# | | ##??# ##??????????## #?# #??????# | | #### ##???????????### ##? #??????# | | #?????????????# ###?? #??????## | | #?????????????# #???# ##???????# | | #### ##?????????????# #???# ##????????# | | ???# ##??????????????# #???# ??????????# | | ???# #???????????????#@ #???# ??????????# | | ???## #????????????? aa#??? ??????????# !! | | ????# ??????????# a #?? ?????????## [ | | ???? ?????????# aaaaa? ????????## ! | | ???? #####???????# aaa"" ????????# !]= | | ??? ??????????# a a a""" ????????#" | | ??? # ##????????? a a aa a" a?????????# | | ??? ## #????????? aaaaaa a a??????? | | ???#?? #????????# a ????? | | ?????? ????????# a aa a ##??? | | ?????? ????????## a a a #???? ### | | ?????? ??????????#aa ## ##???? ??# | | ?????????????????aa #?## ##?????? ???### | | ?????????????????? ????### #??????????????# | | ??????????????????????????? #??????????????## | | ??????????????????????????? ?????????????????# | | ?????????????????????????????????????????????# | | ?????????????????????????????????????????????## | | ??????????????????????????????????????????????# | | ???????????????????????????????????????????????# | | ?????????????????????????????????????????????????? | | | | | | | | | +----------------------------------------------------+ Best States ------------- Heat Dissipation 61 Coolant Potential 130 Energy Generation 39 Energy Capacity 2610 Matter Stores 1000 Matter Capacity 1000 Sight Range 22 Terrain Scan Density 210 ECM Strength 2 Jamming Range 14 Cloak Strength 3 Additional Mass Support 9 Corruption Block 8 Armor Coverage 1200 Resistance: KI 30 Resistance: TH 25 Resistance: EM 50 Core Shielding 20 Propulsion Shielding 66 Utility Shielding 66 Weapon Cycling 20 Phase Shifting 5 Evasion (%) 70 Targeting Accuracy 20 Melee Accuracy 6 Target Analysis 6 Core Analysis 6 Recoil Reduction 2 Matter Filtering 30 Energy Filtering 50 Particle Charging 20 Offensive Hacking 10 Item Schematics ----------------- Battle Cannon | -7/Zion | Free Slug Cannon | -7/Zion | Free Ripper | -7/Zion | Free Robot Schematics ------------------ None Fabricated ------------ Nothing Repaired ---------- Adv. Treads | 68% | -8/Materials Rocket Launcher | 60% | -7/Factory Studied --------- Great Maul | -8/Materials | Hacked Hpw. Shotgun | -8/Materials | Hacked Arm. Leg | -7/Factory | Hacked Lrn. Missile Launcher | -7/Factory | Hacked Adv. Assault Cannon | -7/Factory | Hacked Arm. Huge Wheel | -7/Factory | Hacked Alien Tech Used ----------------- None Achievements -------------- Chaos Is Inevitable Challenges ------------ None Game ------ Seed ScanFlakInterface Manual? 0 Play Time 08:18:53 Cumulative 864.6 hours Start 2026.06.23 @ 19:47:50 End 2026.06.26 @ 22:11:49 Sessions 13 Manual Loads 0 Difficulty Rogue Special Mode None Game No. 77 Rogue 74 Adventurer 3 Explorer 0 Win Type - Total 31 Types 11/3/7/2/1/1/2/1/2/1 Lore% 90 Gallery% 91 Achievement% 89 Wizard Run 0 Options --------- Layout 0 ASCII 0 Keyboard 0 Movement Numpad Keybinds 0 Fullscreen 1 Font 18/SmallcapsGlow Map View 76x50 Zoom Use 0% Tactical HUD 1 Map Filters NONE Filters NONE Steam 1 RUN: 2f50325d-6254-4a48-929e-234baea482c9